Map: Frozen Temple

Players

Gracz - Winner!

  • Race: Terran Terran
  • League: Silver

rocket

  • Race: Zerg Zerg
  • League: Silver

VOD

Have the link to the VOD?

Description

Time

  • Played on: Sept. 25, 2016, 10:48 a.m.
  • Length: 21:58
Show
View Real Time Build Order
Export as new Build Order

Gracz Terran - Winner!

Build Orders: MMM Bio 

Get SALT Encoding   

  12  0:01  SCV  
  13  0:17  Supply Depot  
  14  0:35  SCV  
  14  0:40  Barracks  
  14  0:48  Supply Depot  
  14  0:56  Barracks  
  14  0:57  SCV  
  15  1:16  Refinery, SCV  
  16  1:46  SCV  
  17  1:54  Marine x2  
  17  1:58  SCV  
  20  2:04  Command Center  
  20  2:10  SCV  
  21  2:16  Barracks Tech Lab  
  21  2:17  Barracks Reactor  
  21  2:22  SCV  
  22  2:39  Orbital Command  
  22  2:59  Marine x2, Marauder  
  26  3:12  SCV  
  27  3:17  Marine x2  
  28  3:20  Marauder  
  28  3:24  SCV  
  31  3:36  SCV  
  31  3:40  Stimpack  
  31  3:41  Marauder  
  31  3:43  SCV  
  34  3:49  SCV  
  34  3:55  SCV  
  36  4:01  SCV  
  39  4:03  Marauder  
  39  4:06  Refinery  
  41  4:24  Marauder  
  40  4:47  Marine x2  
  42  4:56  Factory  
  42  5:05  Marine x2  
  44  5:16  SCV x2  
  45  5:23  Marine x2  
  41  5:28  SCV x2  
  37  5:57  Starport  
  35  6:00  Factory Tech Lab  
  35  6:03  Barracks  
  35  6:05  SCV  
  35  6:07  Refinery, Orbital Command  
  36  6:13  Combat Shields  
  36  6:17  SCV  
  37  6:23  Command Center  
  37  6:25  Engineering Bay  
  37  6:31  SCV  
  38  6:35  Marine x2, Marauder  
  42  6:40  Medivac, Starport  
  42  6:43  SCV  
  45  6:53  Marine  
  46  6:54  Barracks Tech Lab  
  46  6:58  Supply Depot  
  46  7:02  Marine  
  46  7:03  Marauder  
  46  7:04  Engineering Bay  
  49  7:11  Marine  
  49  7:14  Starport Reactor  
  50  7:20  Marine  
  51  7:24  Marauder  
  51  7:29  Marine  
  54  7:41  Starport Tech Lab  
  54  7:42  Armory  
  54  7:46  Marauder  
  56  7:53  Orbital Command  
  56  7:55  SCV x2  
  58  8:03  Terran Infantry Armor Level 1, Terran Infantry Weapons Level 1  
  58  8:07  SCV  
  58  8:08  SCV  
  60  8:19  SCV  
  56  8:20  SCV  
  57  8:28  Banshee  
  57  8:30  Medivac x2  
  57  8:31  SCV  
  65  8:34  Siege Tank  
  65  8:36  Marine x2, Marauder x2  
  65  8:37  Concussive Shells  
  74  8:43  SCV x3  
  77  8:51  Refinery  
  77  8:59  Marine x2, SCV x2  
  77  9:00  Marauder x2  
  85  9:12  Supply Depot  
  85  9:23  Marine  
  85  9:24  SCV x2  
  88  9:25  Supply Depot  
  88  9:35  Supply Depot  
  88  9:36  Cloaking Field  
  88  9:41  Marine x3  
  91  9:57  Supply Depot  
  91  9:59  Marine, Marauder x2  
  73  10:21  Marauder x2  
  77  10:24  Marine x2  
  77  10:27  SCV x3  
  82  10:29  Refinery  
  82  10:33  Refinery  
  82  10:39  SCV x3  
  82  10:42  Marine x2, Marauder x2  
  91  11:00  Marine, Terran Infantry Armor Level 2, Terran Infantry Weapons Level 2  
  91  11:03  Marauder  
  94  11:08  Medivac x2  
  98  11:17  Banshee  
  101  12:00  Banshee  
  104  12:04  Medivac  
  104  12:05  Medivac  
  104  12:06  Siege Tank  
  104  12:07  Marine  
  104  12:08  Marine, Marauder x2  
  117  12:25  Marine  
  117  12:26  Marine  
  117  12:29  Marine, Marauder  
  113  12:38  Siege Tank  
  98  13:10  Siege Tank  
  101  13:19  Marine  
  101  13:20  Marine, Marauder  
  101  13:21  Marauder  
  107  13:37  Marine  
  107  13:38  Marine  
  109  13:42  Marauder x2  
  113  14:19  Command Center  
  91  14:47  Marine x4  
  92  15:05  Marine x4  
  89  15:23  Marine x4  
  77  15:41  Marine x4  
  73  15:58  Marine  
  73  15:59  Marine  
  73  16:01  Marine  
  73  16:02  Marine  
  66  16:16  Marine  
  45  17:20  SCV x2  
  47  17:23  Orbital Command  
  47  17:30  Command Center  
  47  17:32  Marine x4, SCV x2  
  53  17:41  Starport  
  54  17:44  SCV x2  
  54  17:50  Marine x2  
  54  17:56  SCV x2  
  53  18:04  Marine  
  53  18:05  Marauder  
  56  18:08  SCV x2  
  58  18:21  Starport  
  58  18:22  Marauder  
  58  18:24  Marine x2  
  58  18:26  Marauder  
  64  18:33  Medivac  
  66  18:44  Marauder  
  66  18:48  Marauder  
  70  18:55  Orbital Command  
  70  19:05  Marauder  
  70  19:09  Marauder  
  74  19:14  Barracks  
  74  19:17  Refinery, Factory Tech Lab  
  74  19:26  Marauder  
  74  19:30  Marauder  
  78  19:37  Marine x2  
  80  19:48  Marauder  
  80  19:51  Marine  
  83  19:53  Starport Tech Lab  
  83  19:54  Medivac  
  83  19:55  Marine x2  
  87  20:00  Barracks Reactor  
  87  20:03  Engineering Bay  
  87  20:07  Armory  
  87  20:09  Marine x2, SCV  
  87  20:13  Marine x2  
  92  20:16  Medivac  
  92  20:21  SCV  
  95  20:24  Medivac  
  97  20:33  SCV  
  98  20:45  SCV  
  98  20:46  Medivac  
  101  20:54  Medivac  
  103  21:16  Medivac  
  105  21:24  Medivac  
Show
View Real Time Build Order
Export as new Build Order

rocket Zerg 

Build Orders: Pool First, Lurkers 

Get SALT Encoding   

  12  0:04  Drone  
  13  0:17  Drone  
  14  0:30  Spawning Pool  
  14  0:33  Drone  
  14  0:43  Overlord  
  14  0:48  Overlord  
  14  0:57  Extractor  
  14  1:01  Drone  
  14  1:22  Drone x3  
  17  1:32  Extractor  
  17  1:34  Drone  
  17  1:46  Drone  
  18  1:54  Hatchery  
  18  1:59  Drone  
  18  2:02  Queen  
  20  2:08  Drone  
  21  2:19  Drone  
  22  2:30  Drone  
  23  2:44  Lair  
  23  2:51  Drone  
  24  2:57  Zergling x2  
  25  3:07  Zergling x2  
  26  3:14  Zergling x8  
  30  3:23  Zergling x4  
  32  3:37  Zergling x4  
  34  3:48  Metabolic Boost  
  34  3:56  Hydralisk Den  
  33  4:03  Baneling Nest  
  33  4:09  Spire  
  31  4:12  Drone x2  
  31  4:13  Drone  
  26  4:50  Hydralisk x3  
  32  4:55  Hydralisk x2  
  34  5:10  Lurker Den  
  32  5:57  Overlord  
  32  5:58  Overlord x4  
  32  5:59  Overlord x4  
  32  6:13  Hatchery  
  31  6:24  Hydralisk  
  31  6:25  Hydralisk x3  
  39  6:34  Overseer  
  39  6:51  Zerg Flyer Armor Level 1  
  39  7:20  Hatchery  
  38  7:31  Lurker x2  
  38  7:32  Lurker x2  
  42  7:52  Drone x3  
  45  8:03  Queen  
  47  8:11  Spine Crawler  
  46  8:15  Hydralisk x2  
  50  8:28  Hydralisk  
  52  8:39  Hydralisk x2  
  52  8:40  Hydralisk x2  
  60  9:01  Drone x2  
  60  9:02  Drone  
  63  9:09  Drone x4  
  67  9:10  Drone  
  67  9:15  Drone  
  69  9:29  Drone  
  69  9:30  Drone x3  
  73  9:33  Drone  
  74  9:50  Extractor  
  73  9:54  Extractor  
  70  10:23  Queen  
  70  10:24  Drone  
  70  10:25  Drone x2  
  75  10:41  Infestation Pit  
  74  10:43  Spire  
  73  11:13  Drone  
  73  11:14  Drone x2  
  73  11:18  Drone x3  
  78  11:22  Drone x2  
  78  11:25  Hydralisk x2  
  83  11:30  Zerg Flyer Weapons Level 1  
  85  11:36  Hive  
  85  11:47  Extractor  
  84  11:52  Spine Crawler  
  83  11:57  Extractor  
  82  12:18  Drone x2  
  82  12:19  Drone  
  85  12:23  Drone x3  
  75  13:07  Mutalisk x5  
  75  13:08  Mutalisk x4  
  75  13:09  Mutalisk x4  
  101  13:24  Zerg Flyer Armor Level 2  
  101  13:25  Drone  
  102  13:31  Greater Spire  
  83  14:42  Mutalisk  
  83  14:43  Mutalisk x4  
  83  14:44  Mutalisk x4  
  83  14:45  Mutalisk x4  
  77  16:29  Corruptor x2  
  77  16:30  Corruptor x2  
  78  16:47  Hatchery  
  56  17:11  Brood Lord x2  
  56  17:15  Brood Lord  
  62  17:16  Brood Lord  
  64  17:28  Hatchery  
  57  18:07  Spine Crawler  
  56  18:22  Drone  
  56  18:23  Drone  
  56  18:26  Drone  
  59  18:57  Mutalisk x3  
  59  18:58  Mutalisk x2  
  59  19:01  Mutalisk  
  71  19:15  Drone x3  
  74  19:23  Drone x2  
  76  19:35  Hydralisk  
  76  19:37  Hydralisk  
  80  19:59  Drone x3  
  83  20:07  Hydralisk  
  83  20:08  Hydralisk x3  
  91  20:23  Extractor, Drone x4  
  91  20:24  Drone  
  95  20:45  Queen  
  95  20:48  Hydralisk x3  
  103  20:56  Hydralisk  
  103  20:57  Hydralisk x2  
  109  21:08  Corruptor  
  109  21:09  Corruptor  
  113  21:13  Corruptor  
Tags
 
Add a new tag
Caveats
  • Supply blocks, unpowered buildings, or Contaminate may cause inaccurate times.
  • Supply counts are checked every 10 seconds.